Map: Nightshade LE

Players

TSGSolar (Solar) - Winner!

  • Race: Zerg Zerg
  • Spawn Location: 11:00

Reynor

  • Race: Zerg Zerg
  • Spawn Location: 5:00

Event: StayAtHomestory Cup #1

VOD

Have the link to the VOD?

Description

Time

  • Played on: April 11, 2020, 1:04 p.m.
  • Length: 9:38

All games in this series

Show
View Real Time Build Order
Export as new Build Order

TSGSolar Zerg - Winner!

Build Orders: Hatch First 

Get SALT Encoding   

  12  0:01  Drone  
  13  0:12  Overlord  
  13  0:17  Drone  
  14  0:31  Drone x2  
  16  0:48  Hatchery  
  15  0:52  Drone  
  15  0:55  Drone  
  17  0:58  Drone  
  18  1:09  Extractor  
  17  1:13  Spawning Pool  
  17  1:17  Drone  
  17  1:19  Drone  
  18  1:30  Drone  
  19  1:39  Drone  
  20  1:50  Overlord  
  20  2:00  Queen  
  20  2:01  Queen  
  22  2:07  Drone x2  
  26  2:12  Metabolic Boost  
  26  2:13  Drone x2  
  28  2:21  Zergling x2  
  30  2:22  Zergling x2  
  30  2:32  Zergling x2  
  31  2:37  Hatchery  
  31  2:39  Zergling x2  
  31  2:44  Baneling Nest  
  31  2:47  Drone  
  31  2:49  Drone  
  32  2:56  Overlord  
  32  2:57  Drone  
  32  3:04  Drone  
  32  3:05  Drone  
  34  3:10  Drone  
  35  3:15  Zergling x4  
  35  3:16  Queen  
  35  3:17  Drone  
  41  3:20  Zergling x2  
  41  3:22  Zergling x2  
  41  3:24  Zergling x2  
  42  3:29  Baneling x2  
  42  3:31  Zergling x2  
  42  3:32  Overlord  
  42  3:42  Zergling x2  
  44  3:50  Hatchery  
  44  3:52  Drone x2  
  44  3:54  Zergling x6  
  44  3:55  Roach Warren  
  47  3:58  Overlord  
  47  4:02  Drone  
  48  4:03  Extractor  
  48  4:09  Drone  
  48  4:12  Drone  
  48  4:16  Evolution Chamber  
  50  4:18  Baneling  
  50  4:19  Baneling x2  
  50  4:20  Drone  
  51  4:25  Drone x4  
  55  4:35  Drone x2  
  56  4:42  Drone x3  
  56  4:45  Overlord  
  59  4:48  Extractor, Zerg Missile Weapons Level 1  
  59  4:50  Drone  
  59  4:51  Roach Warren  
  58  4:54  Overlord  
  58  4:56  Drone  
  58  4:57  Drone  
  59  5:01  Extractor  
  59  5:03  Drone x3  
  61  5:07  Drone  
  61  5:10  Lair  
  61  5:11  Drone x3  
  64  5:15  Overlord  
  64  5:18  Drone  
  64  5:20  Drone  
  65  5:26  Zergling x4  
  65  5:28  Drone  
  68  5:33  Extractor  
  68  5:34  Drone x3  
  70  5:35  Drone  
  70  5:36  Zergling x2  
  70  5:37  Overlord  
  70  5:38  Zergling x2, Drone  
  74  5:42  Drone  
  74  5:43  Drone  
  74  5:44  Drone  
  74  5:47  Drone x2  
  77  5:52  Roach  
  77  5:54  Spine Crawler, Baneling  
  76  5:58  Roach  
  76  5:59  Spine Crawler x2, Roach  
  76  6:00  Spine Crawler  
  76  6:03  Baneling x3  
  76  6:04  Roach  
  76  6:05  Roach x5  
  76  6:06  Roach  
  92  6:12  Overlord  
  92  6:16  Roach x2  
  91  6:23  Roach x2  
  91  6:24  Overlord  
  93  6:29  Glial Reconstitution  
  93  6:30  Extractor  
  94  6:33  Extractor  
  94  6:34  Drone x3  
  94  6:35  Drone x3  
  94  6:37  Spire  
  94  6:38  Drone x6  
  104  6:41  Overseer  
  104  6:47  Overlord  
  104  6:49  Overlord  
  104  6:52  Overlord  
  104  6:54  Hatchery  
  104  6:57  Overlord  
  104  6:59  Zerg Missile Weapons Level 2  
  103  7:02  Overlord  
  103  7:05  Roach  
  103  7:06  Roach x2  
  109  7:09  Roach  
  109  7:10  Roach x2  
  109  7:12  Roach  
  109  7:13  Roach  
  109  7:14  Roach  
  121  7:18  Overlord  
  121  7:20  Overlord  
  121  7:29  Drone x3  
  124  7:32  Extractor  
  124  7:36  Overlord  
  123  7:49  Roach x5  
  123  7:50  Mutalisk x5  
  143  7:52  Mutalisk  
  143  7:55  Roach  
  147  8:00  Drone  
  147  8:03  Roach x6  
  147  8:04  Overlord  
  160  8:06  Queen  
  160  8:09  Roach x2  
  166  8:14  Roach x3  
  166  8:17  Overlord  
  172  8:21  Roach x2  
  172  8:24  Overseer  
  176  8:29  Roach x6  
  176  8:33  Ravager  
  189  8:37  Roach x3  
  199  8:41  Roach x2  
  199  8:46  Ravager  
  198  8:58  Roach  
  198  9:00  Roach x2  
  198  9:01  Roach  
  199  9:08  Roach x2  
  199  9:09  Roach  
  197  9:10  Roach  
  197  9:12  Roach  
  197  9:15  Roach  
Show
View Real Time Build Order
Export as new Build Order

Reynor Zerg 

Build Orders: Hatch First 

Get SALT Encoding   

  12  0:01  Drone  
  13  0:12  Overlord  
  13  0:16  Drone  
  14  0:30  Drone x2  
  16  0:47  Hatchery  
  15  0:51  Drone  
  15  0:54  Drone  
  15  0:57  Extractor  
  16  1:10  Spawning Pool  
  15  1:14  Drone  
  15  1:17  Drone  
  17  1:20  Drone  
  18  1:28  Drone  
  19  1:38  Overlord  
  19  1:57  Zergling x2, Metabolic Boost  
  19  2:00  Zergling x2, Queen  
  19  2:01  Zergling x2  
  24  2:09  Queen  
  24  2:12  Drone  
  28  2:15  Drone  
  28  2:21  Drone x2  
  30  2:38  Hatchery  
  30  2:40  Drone  
  30  2:44  Drone  
  31  2:49  Overlord  
  31  2:56  Zergling x6  
  33  3:04  Zergling x2  
  33  3:05  Zergling x2  
  35  3:09  Zergling x4  
  35  3:11  Zergling x2, Baneling Nest  
  37  3:15  Zergling x2  
  37  3:19  Drone  
  39  3:20  Zergling x2  
  39  3:21  Zergling x2  
  41  3:27  Overlord  
  41  3:31  Zergling x2  
  42  3:35  Drone  
  42  3:39  Zergling x2  
  42  3:44  Zergling x2  
  42  3:45  Zergling x4  
  42  3:50  Queen  
  42  3:54  Baneling x2  
  42  3:55  Baneling  
  44  3:56  Drone x2  
  44  3:57  Drone  
  44  4:00  Drone  
  44  4:02  Drone  
  49  4:05  Drone  
  49  4:08  Drone  
  51  4:13  Drone x3  
  51  4:15  Drone  
  55  4:21  Overlord  
  55  4:23  Drone x2  
  57  4:32  Evolution Chamber  
  57  4:34  Drone x2  
  52  4:46  Overlord  
  52  4:47  Drone  
  52  4:48  Drone  
  52  4:49  Extractor, Drone x2  
  52  4:50  Extractor, Roach Warren  
  53  4:56  Drone  
  53  4:58  Drone x3, Zerg Missile Weapons Level 1  
  57  5:04  Overlord  
  57  5:10  Drone x3  
  59  5:14  Overlord  
  55  5:29  Roach x6  
  55  5:31  Zergling x14  
  73  5:39  Overlord  
  73  5:41  Roach  
  75  5:43  Zergling x2  
  75  5:44  Zergling x2  
  76  5:50  Drone x3  
  76  5:52  Overlord  
  76  5:54  Drone  
  78  5:59  Drone x2  
  78  6:01  Lair  
  78  6:03  Spore Crawler, Extractor  
  77  6:05  Drone x3  
  77  6:06  Drone, Overlord  
  77  6:07  Drone x2  
  84  6:12  Drone  
  84  6:17  Drone  
  82  6:22  Drone x3  
  82  6:23  Extractor  
  82  6:24  Extractor  
  82  6:25  Baneling  
  81  6:26  Baneling x3  
  81  6:28  Roach x3  
  87  6:35  Roach x5  
  97  6:40  Drone  
  97  6:45  Overlord  
  97  6:46  Drone  
  99  6:52  Roach  
  101  6:57  Extractor  
  101  6:58  Pneumatized Carapace  
  100  7:02  Drone x4  
  100  7:03  Glial Reconstitution, Zerg Missile Weapons Level 2  
  100  7:05  Drone x2  
  100  7:07  Hatchery  
  105  7:09  Roach x2  
  105  7:15  Drone x3  
  112  7:16  Roach  
  112  7:17  Evolution Chamber  
  112  7:19  Roach  
  112  7:20  Roach  
  112  7:22  Overlord  
  117  7:24  Roach  
  117  7:28  Roach  
  117  7:29  Overseer  
  121  7:31  Overlord  
  121  7:37  Spore Crawler  
  120  7:39  Overlord  
  120  7:42  Ravager  
  120  7:43  Ravager  
  122  7:48  Roach x4  
  130  7:56  Roach x4  
  136  8:01  Roach x2  
  136  8:02  Roach x3  
  146  8:12  Overlord  
  146  8:14  Overlord  
  146  8:19  Overlord  
  146  8:20  Drone x5  
  146  8:24  Overlord  
  151  8:30  Queen  
  151  8:33  Spore Crawler, Queen  
  154  8:35  Roach x3  
  154  8:39  Queen x2  
  164  8:41  Overlord  
  164  8:43  Spore Crawler  
  164  8:44  Roach x2  
  164  8:54  Roach x4  
  164  8:55  Roach x2  
  170  8:57  Roach  
  170  9:01  Roach x2  
  158  9:04  Ravager x3  
  158  9:06  Roach x3  
  166  9:10  Ravager  
  166  9:16  Roach x3  
  161  9:18  Roach  
  161  9:19  Roach  
  147  9:29  Ravager x2  
Tags
 
Add a new tag
Caveats
  • Supply blocks, unpowered buildings, or Contaminate may cause inaccurate times.
  • Supply counts are checked every 10 seconds.